 Dungeon Crawl Stone Soup version 0.31-a0-232-gb1c03b2570 (webtiles) character file.

Game seed: 13835598563144440967

93 qw the Shooter (level 4, -7/36 HPs)
             Began as a Minotaur Hexslinger on July 7, 2023.
             Mangled by an ogre
             ... wielding a +0 giant club
              (20 damage)
             ... on level 2 of the Dungeon.
             The game lasted 00:00:37 (1894 turns).

qw the Shooter (Minotaur Hexslinger)                Turns: 1894, Time: 00:00:38

Health: -7/36      AC:  6    Str: 12    XL:     4   Next: 37%
Magic:  4/4        EV: 11    Int: 10    God:
Gold:   120        SH:  0    Dex: 15    Spells: 4/5 levels left

rFire   . . .        Y - +1 sling
rCold   . . .        (no shield)
rNeg    . . .        e - +1 ring mail {rPois}
rPois   +            (helmet restricted)
rElec   .            (no cloak)
rCorr   +            (no gloves)
SInv    .            (no boots)
Will    .....        (no amulet)
Stlth   +            b - ring of resist corrosion
HPRegen 0.26/turn    (no ring)
MPRegen 0.09/turn

%: no passive effects
@: no status effects
A: horns 2, retaliatory headbutt
a: no special abilities


You were on level 2 of the Dungeon.
You visited 1 branch of the dungeon, and saw 3 of its levels.

You collected 120 gold pieces.


Innate Abilities, Weirdness & Mutations

You have a pair of horns on your head.
You reflexively headbutt those who attack you in melee.


   Skills:
 - Level 2.0 Fighting
 + Level 4.7 Ranged Weapons
 - Level 1.0 Armour
 - Level 2.1 Dodging
 - Level 1.0 Spellcasting
 - Level 2.0 Hexes


You had 4 spell levels left.
You knew the following spells:

 Your Spells              Type           Power      Damage    Failure   Level
a - Slow                  Hex            16%        N/A       34%         1

Your spell library contained the following spells:

 Spells                   Type           Power      Damage    Failure   Level
 Inner Flame              Hex/Fire       2%         N/A       83%         3
 Portal Projectile        Hex/Tloc       4%         N/A       83%         3
 Cause Fear               Hex            2%         N/A       98%         4

Inventory:

Hand Weapons
 Y - a +1 sling (weapon)
Armour
 a - the +0 hat of Marbles {rF- Str+3 Slay+2}
   (You acquired it on level 2 of the Dungeon)

   Str:       It affects your strength (+3).
   Slay:      It affects your accuracy & damage with ranged weapons and melee
   (+2).
   rF:        It makes you vulnerable to fire.
 e - a +1 ring mail of poison resistance (worn)
Jewellery
 b - a ring of resist corrosion (left hand)
Potions
 d - a potion of cancellation
 i - 2 potions of curing
 j - a potion of might
 k - a potion of degeneration {unknown}

Dungeon Overview and Level Annotations

Branches:
Dungeon (3/15)

Altars:


Message History

a +0 flail; a +0 scale mail
There is an open door here.
You feel a little less clever now.
There is a stone staircase leading down here.
You climb downwards.
The hobgoblin shouts!
The ogre shouts!
You hear a bark!
There is a stone staircase leading up here.
There are monsters nearby!
Waypoint 2 assigned to D:3.
You shoot a sling bullet. The sling bullet hits the ogre.
The ogre is lightly wounded.
You shoot a sling bullet.
The sling bullet closely misses the ogre.
You shoot a sling bullet.
The sling bullet barely misses the ogre.
You shoot a sling bullet. The sling bullet hits the ogre!
The ogre is heavily wounded.
You shoot a sling bullet. The sling bullet hits the ogre.
The ogre is severely wounded.
A jackal comes into view.
The jackal moves out of view.
You shoot a sling bullet. The sling bullet hits the ogre.
The ogre is severely wounded.
The hobgoblin hits you but does no damage.
The ogre misses you.
You shoot a sling bullet. The sling bullet hits the ogre.
The ogre is almost dead.
The hobgoblin hits you but does no damage.
The ogre hits you with a +0 giant club!!
Ouch! That really hurt!
1892 ||| STAIRDANCE You feel a little less mighty now.
The hobgoblin barely misses you.
You climb upwards.
There is a stone staircase leading down here.
You shoot a sling bullet. The sling bullet hits the ogre.
The ogre is almost dead.
The ogre hits you with a +0 giant club!!
Ouch! That really hurt!
You die...

# #.# #.# #.##.# # ####.###
#.#######..#.# # #......#
##.........#..## # #.##.#.#
##...######...... # #.##.#.#
##.....## #.##### #
#<#.[#.###.......## #..## #
#######..?.#.##.........###...# #
..............'.O.......'....## #
#######..(.#.##.@.......###.#####
# #...##.###.g.....## #......
#......# ##.....## ####.## ##
####.##### ##...## #.# .#
#........# ####'##########.# .#
#.##.###.# #......#.....##.# .#
#.##.# #.# #.##.#.#.#......# .#
#.##.###.###....#.#.#.#%#### .#
#.##..............#.#.#.#


You could see an ogre and a hobgoblin.

Vanquished Creatures
  Terence (D:2)
  3 adders (D:2)
  2 worms (D:2)
  A dart slug (D:1)
  2 ball pythons (D:2)
  4 bats
  2 endoplasms
  2 giant cockroaches (D:1)
  A goblin (D:1)
  3 hobgoblins (D:2)
  7 kobolds
  2 quokkas
  3 frilled lizards
  2 rats (D:1)
35 creatures vanquished.

Notes
Turn   | Place    | Note
-------+----------+-------------------------------------------
     0 | D:1      | qw the Minotaur Hexslinger began the quest for the Orb.
     0 | D:1      | Reached XP level 1. HP: 16/16 MP: 1/1
     0 | D:1      | 0 ||| qw: Version: 0.3-a-46-gb1f654a
     0 | D:1      | 0 ||| qw: Game counter: 2759
     0 | D:1      | 0 ||| qw: Melee chars always use a shield: true
     0 | D:1      | 0 ||| qw: God list: Okawaru
     0 | D:1      | 0 ||| qw: Allow faded altars: false
     0 | D:1      | 0 ||| qw: Do Orc after clearing Dungeon:15 true
     0 | D:1      | 0 ||| qw: Do second Lair branch before Depths: true
     0 | D:1      | 0 ||| qw: Lair rune preference: random
     0 | D:1      | 0 ||| qw: Goals: Normal
     0 | D:1      | 0 ||| PLANNING D:1-11
   279 | D:1      | Reached skill level 3 in Ranged Weapons
   279 | D:1      | Reached XP level 2. HP: 23/23 MP: 2/2
   280 | D:1      | Found a faded altar of an unknown god.
   659 | D:1      | You fall into a shaft and drop 1 floor!
   685 | D:2      | 685 ||| UPGRADING to +1 ring mail of poison resistance.
   695 | D:2      | 695 ||| DROPPING +0 robe.
   696 | D:2      | 696 ||| DROPPING scroll of poison.
   852 | D:2      | Noticed Terence
   860 | D:2      | Killed Terence
   861 | D:2      | Reached skill level 4 in Ranged Weapons
   861 | D:2      | Reached XP level 3. HP: 29/29 MP: 3/3
  1339 | D:2      | Reached skill level 1 in Armour
  1414 | D:2      | Reached XP level 4. HP: 36/36 MP: 4/4
  1822 | D:2      | 1822 ||| UPGRADING to ring of resist corrosion.
  1823 | D:2      | 1823 ||| READING scroll labelled WAV REEQUK.
  1824 | D:2      | 1824 ||| READING scroll labelled RAJEYVV LEETRYQ.
  1825 | D:2      | 1825 ||| READING scroll labelled KOOPAN ZOTEU.
  1826 | D:2      | 1826 ||| READING scroll labelled XYESUBB XARCH.
  1826 | D:2      | Identified a scroll of acquirement
  1826 | D:2      | 1826 ||| ACQUIRING +0 hat of Marbles {rF- Str+3 Slay+2}
  1826 | D:2      | Acquired the +0 hat of Marbles {rF- Str+3 Slay+2}
  1828 | D:2      | 1828 ||| DRINKING 2 inky potions.
  1829 | D:2      | 1829 ||| DRINKING 2 sedimented golden potions.
  1830 | D:2      | 1830 ||| DRINKING 3 dark potions.
  1831 | D:2      | 1831 ||| DRINKING 2 fuming brown potions.
  1832 | D:2      | 1832 ||| DROPPING potion of brilliance.
  1884 | D:3      | Noticed an ogre
  1892 | D:3      | 1892 ||| STAIRDANCE
  1894 | D:2      | Mangled by an ogre

Levels and vault maps discovered:
D:1:      dpeg_arrival_houses_and_road, layout_loops_corners,
          ebering_ecumenical_altar_webs, hangedman_decor_growths
D:2:      layout_loops_corners, uniq_terence
D:3:      layout_rooms

Skill      XL: |  1  2  3 |
---------------+----------+-----
Ranged Weapons | 3 4 |  4.7
Fighting       | 2 |  2.0
Armour         | 1 |  1.0
Dodging        | |  2.1
Spellcasting   | |  1.0
Hexes          | |  2.0

Action                     |  1- 3 |  4- 6 || total
---------------------------+-------+-------++-------
   Fire: Sling             |   105 |    35 ||   140
    Use: Scroll            |       |     4 ||     4
         Potion            |       |     4 ||     4
 Armour: Robe              |     4 |       ||     4
         Ring mail         |     9 |     4 ||    13
  Dodge: Dodged            |    30 |     5 ||    35

Table legend:
 A = Non-vault XP
 B = Vault XP
 C = Vault XP percentage of total XP
 D = Non-vault monster count
 E = Vault monster count
 F = Vault count percentage of total count
                 A         B        C        D         E       F
            +---------+---------+-------+---------+---------+-------
      Total |      98 |      36 |  26.9 |      34 |       1 |   2.9
            +---------+---------+-------+---------+---------+-------
        D:1 |      29 |       0 |   0.0 |      17 |       0 |   0.0
        D:2 |      69 |      36 |  34.3 |      17 |       1 |   5.6
            +---------+---------+-------+---------+---------+-------
